 Dungeon Crawl Stone Soup version 0.27-a0-1065-ge809cff456 (webtiles) character file.

Game seed: 12562535266890083650

180 sizableburger the Chucker (level 5, -5/41 HPs)
             Began as a Mummy Hunter on Apr 22, 2021.
             Slain by a wyvern zombie (8 damage)
             ... on level 3 of the Dungeon.
             The game lasted 00:09:04 (2758 turns).

sizableburger the Chucker (Mummy Hunter)            Turns: 2758, Time: 00:09:05

Health: -5/41      AC:  3    Str: 16    XL:     5   Next: 33%
Magic:  5/5        EV: 11    Int: 10    God:
Gold:   77         SH:  0    Dex: 13    Spells: 4/4 levels left

rFire    x . .     SeeInvis .   h - +0 dagger (venom)
rCold    + . .     Faith    .   (no shield)
rNeg     + + +     Spirit   .   b - +0 leather armour
rPois    ∞         Reflect  .   (no helmet)
rElec    .         Harm     .   (no cloak)
rCorr    .         Rampage  .   (no gloves)
Will     .....                  (no boots)
Stlth    +.........             (no amulet)
HPRegen  0.13/turn              (no ring)
MPRegen  0.09/turn              (no ring)

@: no status effects
A: cold resistance 1, negative energy resistance 3, torment resistance 2,
unbreathing 1, heat vulnerability 1, no potions
a: no special abilities


You were on level 3 of the Dungeon.
You visited 1 branch of the dungeon, and saw 3 of its levels.

You collected 77 gold pieces.

Inventory:

Hand Weapons
 h - a +0 dagger of venom (weapon)
Missiles
 f - 43 stones (quivered)
Armour
 b - a +0 leather armour (worn)
Jewellery
 g - an amulet of faith


   Skills:
 + Level 3.5 Fighting
 + Level 2.2 Short Blades
 + Level 4.1 Throwing
 - Level 1.5 Dodging
 - Level 0.7 Stealth


You had 4 spell levels left.
You didn't know any spells.
Your spell library was empty.

Dungeon Overview and Level Annotations

Branches:
Dungeon (3/15)

Altars:


Innate Abilities, Weirdness & Mutations

You are immune to poison.
Your flesh is cold resistant. (rC+)
You are immune to negative energy. (rN+++)
You are immune to unholy pain and torment.
You can survive without breathing.
You are vulnerable to heat. (rF-)
You do not drink.


Message History

You throw a javelin.
The javelin pierces through the wyvern zombie but does no damage.
Unknown command.
Unknown command.
Throw: 3 javelins
Press: ? - help, Q - select action, (/) - cycle Shift-Dir - straight line, f/p - wyvern zombie
Aim: a wyvern zombie (79% to hit)
You throw a javelin.
The javelin pierces through the wyvern zombie but does no damage.
The wyvern zombie bites you! The wyvern zombie closely misses you.
Throw: 2 javelins
Press: ? - help, Q - select action, (/) - cycle Shift-Dir - straight line, f/p - wyvern zombie
Aim: a wyvern zombie (79% to hit)
You throw a javelin.
The javelin pierces through the wyvern zombie but does no damage.
The wyvern zombie closely misses you. The wyvern zombie bites you!
Throw: javelin
Press: ? - help, Q - select action, (/) - cycle Shift-Dir - straight line, f/p - wyvern zombie
Aim: a wyvern zombie (79% to hit)
You throw a javelin.
The javelin barely misses the wyvern zombie.
The wyvern zombie bites you. The wyvern zombie bites you!
* * * LOW HITPOINT WARNING * * *
You aren't carrying any scrolls.
You can't drink.
You don't know any spells.
Throw: throwing net
Press: ? - help, Q - select action, (/) - cycle Shift-Dir - straight line, f/p - wyvern zombie
Aim: a wyvern zombie (79% to hit)
You throw a throwing net.
The throwing net barely misses the wyvern zombie.
The wyvern zombie bites you.
* * * LOW HITPOINT WARNING * * *
The wyvern zombie barely misses you. The wyvern zombie barely misses you.
The wyvern zombie bites you.
* * * LOW HITPOINT WARNING * * *
A giant cockroach comes into view.
The wyvern zombie bites you!
You die...

#.#.###.#........# #.
#.........#.####
#.#####.#######.#
...#...# ##'## #.#.###
##...## #...# ##.....##
## ##..## ##.......## #.
#####...####.........###.
...B....@..'.........+...
####..Z####^........###.
#..## ##.......## ##
#####.##### ##.....##
#.........# ##...##
#......##.# ##'##
#.###..##.# #.# #
##..##.# #.# .(..#.#
##)##


You could see a wyvern zombie and a giant cockroach.

Vanquished Creatures
  A necrophage (D:2)
  3 gnolls (D:2)
  2 adders (D:2)
  A worm (D:2)
  4 bats (D:1)
  2 endoplasms (D:2)
  4 giant cockroaches
  3 goblins
  3 hobgoblins
  5 jackals
  3 kobolds
  2 quokkas (D:2)
  6 ball pythons
  5 frilled lizards
  2 rats
46 creatures vanquished.

Notes
Turn   | Place    | Note
-------+----------+-------------------------------------------
     0 | D:1      | sizableburger the Mummy Hunter began the quest for the Orb.
     0 | D:1      | Reached XP level 1. HP: 16/16 MP: 1/1
   228 | D:1      | Reached XP level 2. HP: 15/22 MP: 2/2
  1090 | D:2      | Reached skill level 1 in Short Blades
  1108 | D:2      | Noticed a necrophage
  1136 | D:2      | Killed a necrophage
  1137 | D:2      | Reached XP level 3. HP: 18/29 MP: 3/3
  1137 | D:2      | Reached XP level 4. HP: 22/35 MP: 4/4
  1273 | D:2      | Reached skill level 4 in Throwing
  1473 | D:2      | Reached XP level 5. HP: 41/41 MP: 5/5
  2478 | D:2      | Found a faded altar of an unknown god.
  2758 | D:3      | Slain by a wyvern zombie

Illustrated notes

Levels and vault maps discovered:
D:1:      roderic_chinese_lattice_arrival, layout_loops_ring
D:2:      minmay_angry_zag, layout_basic, ebering_ecumenical_altar_rust,
          palyth_stone_intersect, grunt_ministairs_1
D:3:      layout_loops_corners, ebering_ghost_disaster_area,
          uniq_crazy_yiuf_cottage

Skill      XL: |  1  2  3  4 |
---------------+-------------+-----
Short Blades   | 1 2 |  2.2
Fighting       | 3 |  3.5
Throwing       | 4 |  4.1
Dodging        | |  1.5
Stealth        | |  0.7

Action                   |  1- 3 |  4- 6 || total
-------------------------+-------+-------++-------
Melee: Dagger            |    86 |    50 ||   136
       Short sword       |     2 |    24 ||    26
Throw: Javelin           |    11 |    17 ||    28
       Throwing net      |     2 |     1 ||     3
 Stab: Held in net/web   |     1 |       ||     1
Armor: Leather armour    |    34 |    17 ||    51
Dodge: Dodged            |    77 |    51 ||   128

Table legend: (Time is in decaauts)
 A = Elapsed time spent in this place.
 B = Non-inter-level travel time spent in this place.
 C = Inter-level travel time spent in this place.
 D = Time resting spent in this place.
 E = Time spent auto-exploring this place.
 F = Levels seen in this place.
 G = Mean time per level.
                   A        B        C        D        E       F      G
               +--------+--------+--------+--------+--------+-----+--------+
         Total |   2754 |   2696 |     58 |    719 |   1436 |   3 |  918.0 |
       Dungeon |   2754 |   2696 |     58 |    719 |   1436 |   3 |  918.0 |
               +--------+--------+--------+--------+--------+-----+--------+

Top non-repeatable levels by time:
     D:2: 1525 daAuts
     D:1: 1072 daAuts
     D:3: 157 daAuts
